Bacon, chaotic female sylph Rogue --- ------ --.--.....| |..........-- ---|..%........| --- --.--..---.....-- --.--- |...... |.....| |....-- |-...-- --.[...- ----..----... |....... |<........ --....... |..--.... |.....*..--------.----- --- |....................@. -.- -.>...--.-----B. ----... .|...... ----.--.. -........--......... --.|.. .)..))...^... ----------.-- Bacon the Cutpurse Experience level: 3 Strength: 12 Dexterity: 19 Constitution: 16 Intelligence: 9 Wisdom: 11 Charisma: 9 Health: 0(24) Energy: 15(15) Def: 0 Gold: 98 Moves: 764 Dungeon seed: p2NhixDC9dY8A4u_ Game ID: Bacon_1512231793 Your Inventory: Coins $ - 98 gold pieces Weapons a - an uncursed +0 short sword (weapon in hand) b - 6 uncursed +0 daggers (in quiver) v - 9 uncursed +0 crossbow bolts B - 9 uncursed +1 darts D - an uncursed +0 dagger Armor e - an uncursed +1 leather armor Scrolls x - an uncursed scroll of scare monster Potions c - an uncursed potion of sickness i - an uncursed potion of gain energy j - an uncursed potion of healing Rings p - an uncursed ring of warning Wands h - an uncursed wand of opening (0:3) Tools d - an uncursed lock pick f - an uncursed sack g - an uncursed blindfold C - an uncursed +0 pick-axe Gems n - an uncursed worthless piece of red glass r - an uncursed jasper Spells and supernatural/magical abilities: Name Level Category Fail Memory W - pray for help -- divine ? -- Your skills at the end: Miscellaneous Skills wands [Basic] stealth [Basic] Weapon Skills dagger [Basic] short sword [Basic] Spellcasting Skills healing spells [Basic] Final Attributes: You were piously aligned. You saw invisible. You were very stealthy. You were protected from shape changers. You are dead. Vanquished creatures: a gnome lord a kitten a dwarf a hobbit 6 gnomes 3 jackals 4 newts a goblin a sewer rat 4 lichens 23 creatures vanquished. Voluntary challenges: You followed a strict vegan diet. You wore only your undergarments. You did not cause conflict. You were not invisible. You did not have reflection. You were not displaced. You used a wielded weapon 24 times, starting on turn 52. You did not apply a unicorn horn. You did not use plumbed fixtures. You did not drink any magical draughts. You read items or engraved 5 times, starting on turn 573. You never genocided any monsters. You never polymorphed an object. You never changed form. You used no wishes. You never split a pudding. You never wrote Elbereth's name. You never violated your personal moral code. Dungeon overview: The Dungeons of Doom: levels 1 to 2 Level 1 a long staircase Level 2 an altar to Issek, a fountain stairs to The Gnomish Mines The Gnomish Mines: Level 3 <- You were here stairs to The Dungeons of Doom History has recorded: On T:1 you entered the Dungeons of Doom to retrieve the Amulet of Yendor! On T:219 you reached level 2 of The Dungeons of Doom. On T:585 you reached level 1 of The Gnomish Mines. On T:601 you advanced to experience level 2. On T:667 you advanced to experience level 3. Score breakdown: Gold: 98 ( 9 points) Experience: 3 levels ( 200 points) Exploration: 3 levels ( 60 points) Discoveries: 9 items ( 450 points) Variety of kills: 10 monsters ( 500 points) Major goal: (nothing yet) ( 0 points) Survival: died (score multiplied by 3) Total score: 3657 Latest messages: b - an uncursed +0 dagger (in quiver). You see here an uncursed +0 dagger. b - an uncursed +0 dagger (in quiver). You see here 2 uncursed +0 daggers. b - 2 uncursed +0 daggers (in quiver). An arrow shoots out at you! You are hit by an arrow! The quantum mechanic interacts with you! Your position suddenly seems very uncertain! The dwarf wields a stout spear! The dwarf thrusts her stout spear at you. The dwarf jabs you! The giant bat bites! (3x) You stab the giant bat. The giant bat bites! You stab the giant bat. The giant bat bites! (2x) You stab the giant bat. The giant bat bites! You die... The sack is empty. The sack is empty. Final status: Goodbye Bacon the Rogue, killed by a giant bat... You died in The Gnomish Mines on dungeon level 3 with 3657 points, and 98 pieces of gold, after 764 moves. You were level 3 with a maximum of 24 hit points when you died.